AoeStats
← luis_14_mota

Arabia

508991436Analyzed
2v2 RM · 8d ago on Sep 25, 2026· 57m 53s· 4 players
Game mode
Random Map
Map size
Medium (4 player)
Population
200
Speed
Normal
Resources
Standard
Victory
Conquest
Starting age
Dark Age
Ending age
Imperial Age
RankedLock teamsTeams togetherTeam positionsShared explorationLock speedFull tech treeHidden civsTurbo modeCheats
Victory
Defeat
🇦🇷 Sicilians · Argentina
634
+9
🇩🇪 Slavs · Germany
520
+12
🇺🇸 Turks · United States
502
-12
🇲🇽 Britons · Mexico
422
-9
FEARthisDUDE
0:27 Loom
10:45 Feudal Age
12:47 Wheelbarrow
15:26 Man-at-Arms
luis_14_mota
11:33 Feudal Age
12:40 Horse Collar
12:49 Double-Bit Axe
14:50 Wheelbarrow
19:13 Gold Mining
21:19 Stone Mining
23:37 Castle Age
22:12 Arson
21:49 Man-at-Arms
26:57 Husbandry
26:23 Crossbowman
28:16 Gold Shaft Mining
29:55 Bow Saw
32:32 Hand Cart
32:09 Loom
34:55 Imperial Age
36:42 Forging
36:33 Scale Mail Armor
36:38 Scale Barding Armor
36:34 Padded Archer Armor
36:25 Fletching
36:17 Treadmill Crane
36:48 Masonry
36:59 Ballistics
41:07 Two-Man Saw
40:46 Heavy Plow
41:04 Cavalier
41:10 Elite Longbowman
41:24 Sappers
42:18 Conscription
43:34 Hoardings
45:57 Warwolf
50:11 Chain Barding Armor
50:07 Chain Mail Armor
50:27 Iron Casting
49:48 Bodkin Arrow
50:09 Leather Archer Armor
51:17 Chemistry
57:10 Architecture
57:18 Ring Archer Armor
Bloodmoon Army
6:02 Loom
13:06 Feudal Age
13:40 Double-Bit Axe
13:38 Horse Collar
14:47 Town Watch
16:09 Wheelbarrow
15:42 Gold Mining
18:08 Stone Mining
24:14 Castle Age
23:06 Man-at-Arms
24:57 Heavy Plow
25:09 Bow Saw
25:36 Gold Shaft Mining
24:56 Elite Skirmisher
26:31 Hand Cart
26:59 Town Patrol
27:58 Detinets
27:21 Pikeman
28:02 Squires
28:14 Padded Archer Armor
36:23 Imperial Age
34:52 Leather Archer Armor
35:48 Fletching
36:09 Forging
36:00 Scale Mail Armor
36:05 Scale Barding Armor
37:20 Bodkin Arrow
38:01 Iron Casting
41:07 Crop Rotation
41:44 Two-Man Saw
41:17 Ring Archer Armor
41:47 Blast Furnace
41:03 Chain Mail Armor
41:11 Conscription
43:52 Chain Barding Armor
44:10 Hoardings
45:47 Chemistry
45:08 Ballistics
44:38 Guard Tower
44:59 Fortified Wall
44:44 Murder Holes
44:52 Sappers
48:08 Masonry
48:04 Siege Engineers
48:31 Plate Mail Armor
48:36 Plate Barding Armor
48:34 Coinage
47:31 Halberdier
48:31 Long Swordsman
50:01 Heavy Cavalry Archer
51:04 Onager
51:48 Druzhina
52:09 Elite Boyar
57:01 Banking
55:59 Two-Handed Swordsman
56:02 Onager
fernando.pe0209
5:30 Loom
10:37 Feudal Age
12:21 Double-Bit Axe
18:00 Horse Collar
22:57 Fletching
27:05 Wheelbarrow
29:06 Castle Age
27:08 Gold Mining
27:11 Stone Mining
29:14 Scale Barding Armor
29:10 Scale Mail Armor
29:23 Bloodlines
31:47 Bow Saw
31:42 Heavy Plow
33:04 Husbandry
33:31 Chain Mail Armor
33:37 Chain Barding Armor
34:55 Gold Shaft Mining
34:58 Stone Shaft Mining
34:47 Hand Cart
39:55 Imperial Age
42:34 Cavalier
43:59 Plate Barding Armor
43:55 Plate Mail Armor
43:39 Hauberk
46:50 Crop Rotation
48:41 Caravan
52:36 Conscription
57:52 First Crusade
57:30 Bodkin Arrow
Connection lost

Rejoining the realm…

Still unreachable

The connection could not be restored.

Session expired

The server has moved on; the page needs a fresh start.